[ AOE2 MATCH · #460680408 ]
UnrankedRomans vs Portuguese
[ REPLAY ANALYSIS · EXTRACTED FROM THE RECORDED GAME ]
Feudal
7:43
Castle
13:38
Imperial
36:42
| APM avg | 15.4 |
| APM peak | 55 |
| eAPM avg | 12.4 |
| Villagers / military | 119 / 67 |
Focus
⚔️ 28.0% · 🌾 72.0%
Spearman ×48 · Scorpion ×16 · Trade Cart ×4 · Monk ×3
Feudal
8:07
Castle
12:37
Imperial
28:19
| APM avg | 7.8 |
| APM peak | 21 |
| eAPM avg | 7.1 |
| Villagers / military | 53 / 17 |
Focus
⚔️ 17.4% · 🌾 82.6%
Militia ×10 · Trade Cart ×8 · Spearman ×6 · Monk ×1
Feudal
3:53
Castle
14:28
Imperial
—
| APM avg | 6.0 |
| APM peak | 23 |
| eAPM avg | 5.4 |
| Villagers / military | 107 / 4 |
Focus
⚔️ 8.8% · 🌾 91.2%
War Elephant ×4
Feudal
19:24
Castle
—
Imperial
—
| APM avg | 2.0 |
| APM peak | 16 |
| eAPM avg | 1.6 |
| Villagers / military | 13 / 3 |
Focus
⚔️ 8.9% · 🌾 91.1%
Militia ×3
Feudal
6:57
Castle
12:39
Imperial
—
| APM avg | 6.4 |
| APM peak | 18 |
| eAPM avg | 6.0 |
| Villagers / military | 86 / 7 |
Focus
⚔️ 6.6% · 🌾 93.4%
Trade Cart ×13 · Steppe Lancer ×7
Feudal
3:58
Castle
8:01
Imperial
29:03
| APM avg | 36.7 |
| APM peak | 69 |
| eAPM avg | 27.3 |
| Villagers / military | 252 / 428 |
Focus
⚔️ 27.8% · 🌾 72.2%
Tarkan ×428
Feudal
5:21
Castle
20:33
Imperial
35:43
| APM avg | 12.7 |
| APM peak | 37 |
| eAPM avg | 10.1 |
| Villagers / military | 115 / 5 |
Focus
⚔️ 10.6% · 🌾 89.4%
Trade Cart ×25 · Monk ×5
Feudal
—
Castle
—
Imperial
—
| APM avg | 1.6 |
| APM peak | 29 |
| eAPM avg | 0.9 |
| Villagers / military | 12 / 0 |
Focus
⚔️ 0.0% · 🌾 100.0%
Match map
Initial resources + every placement click. Lines = walls · curves = elevation contours. ◆ gold · ⬟ stone · ● berries · ✦ relic · ◌ wall gap
Your base· ✓ Closed at 13:38 · 0t walls · no gate
MUAges's base· ✓ Closed at 12:37 · 16t walls · 3 gate(s)
guvenconur.kande's base· ✓ Closed at 14:28 · 16t walls · no gate
iMaGiC's base· Open — unwalled flank
LetCarton233702's base· ✓ Closed at 12:39 · 0t walls · no gate
NHQ's base· ✓ Closed at 8:01 · 0t walls · no gate
Ryan Viegas's base· ✓ Closed at 20:33 · 26t walls · 2 gate(s)
GUIBAUMG's base· Open — unwalled flank
Smoothed initial terrain · ◌ = detected wall gap · hover for details
Inputs per minute
— Sir Davidcus - - MUAges
Build order — Sir Davidcus
First 150 of 334 actions detected
| 0:23 | Build | Mill |
| 0:27 | Create | Villager (Male) |
| 0:27 | Create | Villager (Male) |
| 0:27 | Create | Villager (Male) |
| 0:28 | Create | Villager (Male) |
| 0:28 | Create | Villager (Male) |
| 0:28 | Create | Villager (Male) |
| 0:29 | Create | Villager (Male) |
| 0:29 | Create | Villager (Male) |
| 0:29 | Create | Villager (Male) |
| 0:29 | Create | Villager (Male) |
| 0:30 | Create | Villager (Male) |
| 0:38 | Create | Villager (Male) |
| 0:38 | Create | Villager (Male) |
| 0:38 | Create | Villager (Male) |
| 0:39 | Create | Villager (Male) |
| 0:40 | Create | Villager (Male) |
| 0:55 | Build | House |
| 1:48 | Build | Lumber Camp |
| 2:27 | Create | Villager (Male) |
| 2:27 | Create | Villager (Male) |
| 2:28 | Create | Villager (Male) |
| 2:28 | Create | Villager (Male) |
| 2:33 | Build | House |
| 2:35 | Build | House |
| 4:00 | Build | House |
| 4:03 | Build | House |
| 4:05 | Build | House |
| 4:07 | Build | House |
| 4:35 | Create | Villager (Male) |
| 4:58 | Create | Villager (Male) |
| 5:14 | Research | Feudal Age |
| 6:14 | Build | House |
| 6:16 | Build | House |
| 6:18 | Build | House |
| 6:21 | Build | House |
| 7:26 | Create | Villager (Male) |
| 7:43 | Age | Feudal Age |
| 8:11 | Build | Market |
| 8:28 | Create | Villager (Male) |
| 8:29 | Create | Villager (Male) |
| 8:30 | Create | Villager (Male) |
| 8:38 | Build | Farm |
| 8:42 | Build | House |
| 9:11 | Build | Blacksmith |
| 9:14 | Create | Villager (Male) |
| 9:40 | Create | Villager (Male) |
| 9:50 | Research | Loom |
| 9:51 | Research | Castle Age |
| 11:17 | Build | Farm |
| 12:25 | Research | Fletching |
| 12:26 | Research | Forging |
| 12:26 | Research | Scale Mail Armor |
| 12:27 | Research | Scale Barding Armor |
| 12:54 | Build | Farm |
| 13:15 | Create | Villager (Male) |
| 13:16 | Create | Villager (Male) |
| 13:38 | Age | Castle Age |
| 13:52 | Build | Town Center |
| 13:57 | Create | Villager (Male) |
| 14:07 | Research | Bodkin Arrow |
| 14:30 | Create | Villager (Male) |
| 14:36 | Research | Double-Bit Axe |
| 14:39 | Research | Horse Collar |
| 15:14 | Research | Wheelbarrow |
| 15:14 | Create | Villager (Male) |
| 15:14 | Create | Villager (Male) |
| 15:15 | Create | Villager (Male) |
| 15:15 | Create | Villager (Male) |
| 15:15 | Create | Villager (Male) |
| 15:35 | Build | Farm |
| 15:36 | Build | Farm |
| 15:39 | Build | Farm |
| 15:43 | Build | Farm |
| 16:13 | Build | Farm |
| 16:19 | Create | Villager (Male) |
| 16:19 | Create | Villager (Male) |
| 16:19 | Create | Villager (Male) |
| 16:40 | Build | Farm |
| 16:48 | Create | Villager (Male) |
| 16:48 | Create | Villager (Male) |
| 16:57 | Build | Farm |
| 17:19 | Create | Villager (Male) |
| 17:20 | Create | Villager (Male) |
| 17:20 | Create | Villager (Male) |
| 17:20 | Create | Villager (Male) |
| 17:40 | Build | Town Center |
| 17:46 | Create | Villager (Male) |
| 17:47 | Create | Villager (Male) |
| 17:47 | Create | Villager (Male) |
| 18:10 | Create | Villager (Male) |
| 18:10 | Create | Villager (Male) |
| 18:10 | Create | Villager (Male) |
| 18:10 | Create | Villager (Male) |
| 18:49 | Build | Stone Wall |
| 18:55 | Build | Gate |
| 19:01 | Build | Farm |
| 19:04 | Create | Villager (Male) |
| 19:05 | Create | Villager (Male) |
| 19:05 | Create | Villager (Male) |
| 19:05 | Create | Villager (Male) |
| 19:05 | Create | Villager (Male) |
| 19:06 | Create | Villager (Male) |
| 19:06 | Create | Villager (Male) |
| 19:17 | Build | Farm |
| 19:21 | Build | Farm |
| 19:27 | Build | Farm |
| 19:28 | Build | Farm |
| 19:30 | Build | Farm |
| 19:36 | Build | Farm |
| 19:38 | Build | Farm |
| 19:39 | Build | Farm |
| 19:40 | Build | Farm |
| 19:45 | Create | Villager (Male) |
| 19:46 | Create | Villager (Male) |
| 19:46 | Create | Villager (Male) |
| 19:46 | Create | Villager (Male) |
| 19:46 | Create | Villager (Male) |
| 20:06 | Build | House |
| 20:09 | Build | House |
| 20:23 | Build | House |
| 20:25 | Build | House |
| 20:32 | Build | Farm |
| 20:45 | Build | Farm |
| 20:52 | Build | Farm |
| 20:53 | Build | Farm |
| 20:54 | Build | Farm |
| 20:56 | Build | Farm |
| 21:06 | Create | Villager (Male) |
| 21:07 | Create | Villager (Male) |
| 21:07 | Create | Villager (Male) |
| 21:07 | Create | Villager (Male) |
| 21:07 | Create | Villager (Male) |
| 21:08 | Create | Villager (Male) |
| 21:08 | Create | Villager (Male) |
| 21:08 | Create | Villager (Male) |
| 21:08 | Create | Villager (Male) |
| 21:09 | Create | Villager (Male) |
| 21:28 | Build | House |
| 21:29 | Build | House |
| 21:31 | Build | House |
| 21:33 | Build | House |
| 21:39 | Build | Lumber Camp |
| 21:52 | Build | Lumber Camp |
| 21:56 | Create | Villager (Male) |
| 21:56 | Create | Villager (Male) |
| 21:56 | Create | Villager (Male) |
| 21:57 | Create | Villager (Male) |
| 21:57 | Create | Villager (Male) |
| 21:57 | Create | Villager (Male) |
Build order — MUAges
First 150 of 206 actions detected
| 0:03 | Create | Villager (Male) |
| 0:04 | Create | Villager (Male) |
| 0:04 | Create | Villager (Male) |
| 0:11 | Build | House |
| 0:20 | Create | Villager (Male) |
| 0:21 | Create | Villager (Male) |
| 0:21 | Create | Villager (Male) |
| 0:21 | Create | Villager (Male) |
| 0:21 | Create | Villager (Male) |
| 0:22 | Create | Villager (Male) |
| 0:22 | Create | Villager (Male) |
| 1:35 | Build | House |
| 1:38 | Build | House |
| 1:40 | Build | House |
| 1:43 | Build | House |
| 1:45 | Build | House |
| 1:49 | Build | House |
| 1:51 | Build | House |
| 2:19 | Create | Villager (Male) |
| 2:19 | Create | Villager (Male) |
| 4:07 | Create | Villager (Male) |
| 4:07 | Create | Villager (Male) |
| 4:08 | Create | Villager (Male) |
| 4:09 | Create | Villager (Male) |
| 4:43 | Build | Mill |
| 5:02 | Build | Lumber Camp |
| 5:25 | Create | Villager (Male) |
| 5:41 | Research | Feudal Age |
| 6:22 | Create | Villager (Male) |
| 6:49 | Build | Palisade Wall |
| 6:52 | Build | Palisade Wall |
| 6:57 | Build | Palisade Gate |
| 6:58 | Build | Palisade Gate |
| 7:00 | Build | Palisade Gate |
| 8:07 | Age | Feudal Age |
| 8:15 | Build | Market |
| 8:22 | Research | Wheelbarrow |
| 8:24 | Create | Villager (Male) |
| 8:37 | Build | Blacksmith |
| 8:53 | Build | Lumber Camp |
| 9:37 | Research | Castle Age |
| 9:40 | Create | Villager (Male) |
| 10:00 | Build | Mining Camp |
| 10:45 | Build | Farm |
| 10:48 | Build | Farm |
| 10:49 | Build | Farm |
| 11:03 | Build | Farm |
| 11:30 | Research | Double-Bit Axe |
| 11:38 | Build | Farm |
| 11:58 | Create | Trade Cart |
| 12:13 | Create | Villager (Male) |
| 12:18 | Research | Horse Collar |
| 12:37 | Age | Castle Age |
| 12:46 | Research | Bow Saw |
| 13:05 | Research | Heavy Plow |
| 13:11 | Create | Villager (Male) |
| 13:36 | Build | Farm |
| 13:40 | Create | Villager (Male) |
| 13:55 | Create | Villager (Male) |
| 14:25 | Create | Villager (Male) |
| 14:35 | Create | Villager (Male) |
| 14:46 | Build | Town Center |
| 14:58 | Create | Villager (Male) |
| 15:17 | Build | Farm |
| 15:25 | Build | Farm |
| 15:27 | Build | Farm |
| 15:29 | Build | Farm |
| 15:40 | Create | Villager (Male) |
| 15:52 | Build | Lumber Camp |
| 15:56 | Create | Villager (Male) |
| 16:23 | Create | Villager (Male) |
| 16:35 | Create | Trade Cart |
| 16:53 | Create | Villager (Male) |
| 17:09 | Create | Villager (Male) |
| 17:16 | Create | Villager (Male) |
| 17:17 | Create | Villager (Male) |
| 17:22 | Create | Villager (Male) |
| 17:25 | Create | Villager (Male) |
| 17:36 | Build | Farm |
| 17:39 | Build | Farm |
| 17:42 | Create | Villager (Male) |
| 17:55 | Build | Mining Camp |
| 18:14 | Build | Farm |
| 18:16 | Build | Farm |
| 18:18 | Build | Farm |
| 18:20 | Build | Farm |
| 18:21 | Build | Farm |
| 18:25 | Create | Villager (Male) |
| 18:28 | Create | Villager (Male) |
| 18:38 | Build | University |
| 18:41 | Create | Villager (Male) |
| 19:03 | Build | Siege Workshop |
| 19:06 | Build | Siege Workshop |
| 19:10 | Create | Villager (Male) |
| 19:16 | Research | Hand Cart |
| 19:33 | Create | Villager (Male) |
| 19:45 | Build | Lumber Camp |
| 19:50 | Create | Villager (Male) |
| 19:51 | Create | Villager (Male) |
| 20:03 | Build | House |
| 20:06 | Build | House |
| 20:07 | Build | House |
| 20:12 | Build | House |
| 20:19 | Build | House |
| 20:20 | Build | House |
| 20:24 | Build | House |
| 20:27 | Build | House |
| 20:28 | Build | House |
| 20:30 | Build | House |
| 20:32 | Build | House |
| 20:34 | Build | House |
| 20:39 | Create | Villager (Male) |
| 20:42 | Create | Villager (Male) |
| 20:42 | Create | Villager (Male) |
| 20:54 | Build | Mining Camp |
| 21:09 | Build | Farm |
| 21:11 | Build | Farm |
| 21:22 | Build | Farm |
| 21:29 | Build | Mining Camp |
| 21:32 | Research | Gold Mining |
| 21:35 | Research | Stone Mining |
| 21:59 | Build | Stone Wall |
| 22:05 | Build | Gate |
| 22:07 | Build | Gate |
| 22:17 | Create | Villager (Male) |
| 22:28 | Build | Mining Camp |
| 22:47 | Build | Town Center |
| 23:01 | Research | Loom |
| 23:05 | Create | Villager (Male) |
| 23:06 | Create | Villager (Male) |
| 23:14 | Research | Stone Shaft Mining |
| 23:22 | Research | Caravan |
| 23:33 | Create | Villager (Male) |
| 24:00 | Build | Lumber Camp |
| 24:16 | Create | Villager (Male) |
| 24:21 | Create | Villager (Male) |
| 24:28 | Build | Lumber Camp |
| 24:50 | Build | House |
| 24:52 | Build | House |
| 24:54 | Build | House |
| 24:55 | Build | House |
| 24:57 | Build | House |
| 25:00 | Build | House |
| 25:02 | Build | House |
| 25:04 | Build | House |
| 25:09 | Research | Imperial Age |
| 25:18 | Create | Trade Cart |
| 25:21 | Create | Trade Cart |
| 25:29 | Create | Trade Cart |
| 25:51 | Research | Forging |
Build order — guvenconur.kande
First 150 of 178 actions detected
| 0:33 | Build | Mill |
| 0:48 | Build | Lumber Camp |
| 1:26 | Build | House |
| 1:31 | Build | House |
| 1:32 | Build | House |
| 1:34 | Build | House |
| 1:36 | Build | House |
| 1:38 | Build | House |
| 1:49 | Research | Feudal Age |
| 1:51 | Research | Loom |
| 3:28 | Create | Villager (Male) |
| 3:29 | Create | Villager (Male) |
| 3:53 | Age | Feudal Age |
| 4:29 | Build | Barracks |
| 4:56 | Create | Villager (Male) |
| 4:57 | Create | Villager (Male) |
| 4:58 | Create | Villager (Male) |
| 5:30 | Build | Stone Wall |
| 5:40 | Build | Stone Wall |
| 6:06 | Create | Villager (Male) |
| 6:07 | Create | Villager (Male) |
| 6:07 | Create | Villager (Male) |
| 6:08 | Create | Villager (Male) |
| 6:24 | Build | Archery Range |
| 8:57 | Create | Villager (Male) |
| 8:57 | Create | Villager (Male) |
| 8:58 | Create | Villager (Male) |
| 8:58 | Create | Villager (Male) |
| 8:58 | Create | Villager (Male) |
| 10:20 | Build | Market |
| 12:03 | Research | Castle Age |
| 12:42 | Build | House |
| 12:44 | Build | House |
| 12:48 | Build | House |
| 12:50 | Build | House |
| 12:53 | Build | House |
| 12:55 | Build | House |
| 13:02 | Build | Outpost |
| 13:24 | Build | Mining Camp |
| 14:28 | Age | Castle Age |
| 14:48 | Create | Villager (Male) |
| 14:49 | Create | Villager (Male) |
| 14:49 | Create | Villager (Male) |
| 16:04 | Build | Town Center |
| 16:25 | Build | Lumber Camp |
| 16:30 | Create | Villager (Male) |
| 16:31 | Create | Villager (Male) |
| 16:31 | Create | Villager (Male) |
| 16:31 | Create | Villager (Male) |
| 16:32 | Create | Villager (Male) |
| 16:32 | Create | Villager (Male) |
| 17:00 | Build | House |
| 17:01 | Build | House |
| 17:03 | Build | House |
| 17:04 | Build | House |
| 17:05 | Build | House |
| 17:07 | Build | House |
| 17:09 | Build | House |
| 17:22 | Build | Lumber Camp |
| 17:42 | Build | Mining Camp |
| 17:49 | Create | Villager (Male) |
| 17:49 | Create | Villager (Male) |
| 17:50 | Create | Villager (Male) |
| 18:02 | Build | Farm |
| 18:09 | Build | Farm |
| 18:30 | Build | Farm |
| 18:51 | Build | Farm |
| 19:26 | Build | Castle |
| 19:42 | Build | Farm |
| 19:46 | Create | Villager (Male) |
| 19:56 | Build | Farm |
| 20:19 | Build | Farm |
| 20:30 | Create | Villager (Male) |
| 20:59 | Build | Farm |
| 21:03 | Create | Villager (Male) |
| 21:18 | Build | Outpost |
| 21:24 | Create | Villager (Male) |
| 21:33 | Build | Farm |
| 21:43 | Create | Villager (Male) |
| 21:53 | Build | Farm |
| 22:25 | Build | Town Center |
| 22:36 | Create | Villager (Male) |
| 22:36 | Create | Villager (Male) |
| 22:36 | Create | Villager (Male) |
| 22:50 | Build | House |
| 22:51 | Build | House |
| 22:53 | Build | House |
| 22:57 | Build | House |
| 22:58 | Build | House |
| 22:59 | Build | House |
| 23:01 | Build | House |
| 23:05 | Build | House |
| 23:06 | Build | House |
| 23:07 | Build | House |
| 23:08 | Build | House |
| 23:10 | Build | House |
| 23:11 | Build | House |
| 23:16 | Build | House |
| 23:17 | Build | House |
| 23:20 | Build | House |
| 23:21 | Build | House |
| 23:23 | Build | House |
| 23:24 | Build | House |
| 23:29 | Build | House |
| 23:31 | Build | House |
| 23:33 | Build | House |
| 23:36 | Build | House |
| 23:46 | Build | Farm |
| 23:47 | Build | Farm |
| 23:51 | Create | Villager (Male) |
| 23:52 | Create | Villager (Male) |
| 23:52 | Create | Villager (Male) |
| 23:59 | Build | Farm |
| 24:09 | Create | Villager (Male) ×2 |
| 24:22 | Build | Farm |
| 24:44 | Build | Farm |
| 24:52 | Build | Farm |
| 24:56 | Create | Villager (Male) ×3 |
| 25:04 | Build | Farm |
| 25:11 | Build | Farm |
| 25:37 | Build | Stone Wall |
| 25:40 | Build | Stone Wall |
| 25:50 | Build | Stone Wall |
| 26:10 | Build | Farm |
| 26:12 | Build | Farm |
| 26:14 | Build | Farm |
| 26:26 | Create | Villager (Male) ×5 |
| 26:27 | Create | Villager (Male) ×2 |
| 26:27 | Create | Villager (Male) ×2 |
| 27:20 | Build | Farm |
| 27:22 | Build | Farm |
| 27:23 | Build | Farm |
| 27:24 | Build | Farm |
| 27:31 | Build | Farm |
| 27:39 | Create | Villager (Male) ×5 |
| 27:40 | Create | Villager (Male) ×3 |
| 27:40 | Create | Villager (Male) ×3 |
| 27:52 | Build | Farm |
| 28:00 | Build | Farm |
| 28:15 | Build | Farm |
| 28:32 | Build | Farm |
| 28:40 | Build | Farm |
| 28:52 | Build | Farm |
| 29:00 | Create | Villager (Male) ×5 |
| 29:01 | Create | Villager (Male) ×5 |
| 29:01 | Create | Villager (Male) ×5 |
| 29:12 | Build | Farm |
| 29:23 | Build | Farm |
| 29:27 | Build | Farm |
| 29:29 | Build | Farm |
Build order — iMaGiC
38 actions detected in the replay
| 6:53 | Create | Villager (Male) |
| 6:53 | Create | Villager (Male) |
| 6:53 | Create | Villager (Male) |
| 6:53 | Create | Villager (Male) |
| 6:54 | Create | Villager (Male) |
| 6:54 | Create | Villager (Male) |
| 6:54 | Create | Villager (Male) |
| 6:54 | Create | Villager (Male) |
| 6:55 | Create | Villager (Male) |
| 6:55 | Create | Villager (Male) |
| 6:55 | Create | Villager (Male) |
| 6:55 | Create | Villager (Male) |
| 6:56 | Create | Villager (Male) |
| 8:13 | Build | House |
| 8:17 | Build | House |
| 8:19 | Build | House |
| 10:23 | Build | Mill |
| 11:26 | Build | Barracks |
| 12:32 | Build | Lumber Camp |
| 12:57 | Build | Farm |
| 13:05 | Build | Farm |
| 13:11 | Build | Farm |
| 13:24 | Build | Farm |
| 17:14 | Research | Feudal Age |
| 17:33 | Build | House |
| 17:40 | Build | House |
| 17:42 | Build | House |
| 17:43 | Build | House |
| 18:48 | Create | Militia |
| 18:49 | Create | Militia |
| 18:49 | Create | Militia |
| 19:24 | Age | Feudal Age |
| 20:07 | Build | Farm |
| 20:26 | Build | Mill |
| 20:37 | Build | Farm |
| 20:41 | Build | Farm |
| 20:44 | Build | Farm |
| 21:44 | Research | Horse Collar |
Build order — LetCarton233702
First 150 of 187 actions detected
| 0:12 | Create | Villager (Male) |
| 0:13 | Create | Villager (Male) |
| 0:13 | Create | Villager (Male) |
| 0:13 | Create | Villager (Male) |
| 0:14 | Create | Villager (Male) |
| 0:27 | Build | Mill |
| 0:36 | Build | House |
| 0:42 | Build | House |
| 1:16 | Build | Lumber Camp |
| 1:38 | Create | Villager (Male) |
| 1:39 | Create | Villager (Male) |
| 1:40 | Create | Villager (Male) |
| 1:40 | Create | Villager (Male) |
| 1:41 | Create | Villager (Male) |
| 3:16 | Research | Feudal Age |
| 6:56 | Create | Villager (Male) |
| 6:56 | Create | Villager (Male) |
| 6:56 | Create | Villager (Male) |
| 6:57 | Age | Feudal Age |
| 7:12 | Build | House |
| 7:13 | Build | House |
| 7:14 | Build | House |
| 7:15 | Build | House |
| 7:36 | Build | Blacksmith |
| 8:22 | Build | Market |
| 9:09 | Create | Villager (Male) |
| 9:09 | Create | Villager (Male) |
| 9:55 | Research | Castle Age |
| 10:42 | Build | Barracks |
| 11:08 | Build | House |
| 11:10 | Build | House |
| 11:12 | Build | House |
| 11:13 | Build | House |
| 11:17 | Build | House |
| 11:50 | Create | Trade Cart |
| 11:51 | Create | Trade Cart |
| 11:52 | Create | Trade Cart |
| 12:11 | Create | Villager (Male) |
| 12:11 | Create | Villager (Male) |
| 12:31 | Research | Double-Bit Axe |
| 12:39 | Age | Castle Age |
| 13:19 | Build | Stable |
| 14:32 | Build | Town Center |
| 14:40 | Create | Villager (Male) |
| 14:40 | Create | Villager (Male) |
| 14:40 | Create | Villager (Male) |
| 14:41 | Create | Villager (Male) |
| 14:41 | Create | Villager (Male) |
| 15:27 | Build | Town Center |
| 15:45 | Research | Wheelbarrow |
| 16:19 | Build | Farm |
| 16:19 | Build | Farm |
| 16:20 | Build | Farm |
| 16:21 | Build | Farm |
| 16:41 | Build | Farm |
| 16:55 | Create | Villager (Male) |
| 16:55 | Create | Villager (Male) |
| 16:56 | Create | Villager (Male) |
| 16:57 | Create | Villager (Male) |
| 16:58 | Create | Villager (Male) |
| 17:08 | Create | Villager (Male) |
| 17:08 | Create | Villager (Male) |
| 17:11 | Create | Villager (Male) |
| 18:42 | Build | Farm |
| 18:44 | Build | Farm |
| 19:08 | Build | Farm |
| 19:18 | Research | Hand Cart |
| 19:20 | Create | Villager (Male) |
| 19:21 | Create | Villager (Male) |
| 19:21 | Create | Villager (Male) |
| 19:22 | Create | Villager (Male) |
| 19:23 | Create | Villager (Male) |
| 19:39 | Create | Villager (Male) |
| 19:42 | Create | Villager (Male) |
| 20:22 | Create | Villager (Male) |
| 20:54 | Build | Farm |
| 20:59 | Build | Farm |
| 21:14 | Build | Farm |
| 21:16 | Build | Farm |
| 21:18 | Build | Farm |
| 21:25 | Create | Villager (Male) |
| 21:25 | Create | Villager (Male) |
| 21:25 | Create | Villager (Male) |
| 21:26 | Create | Villager (Male) |
| 21:29 | Create | Villager (Male) |
| 21:29 | Create | Villager (Male) |
| 22:13 | Build | Farm |
| 22:27 | Build | Farm |
| 22:40 | Research | Caravan |
| 22:46 | Create | Trade Cart |
| 22:46 | Create | Trade Cart |
| 22:47 | Create | Trade Cart |
| 22:47 | Create | Trade Cart |
| 22:47 | Create | Trade Cart |
| 22:57 | Build | Farm |
| 23:11 | Create | Villager (Male) |
| 23:12 | Create | Villager (Male) |
| 23:16 | Create | Villager (Male) |
| 23:21 | Create | Villager (Male) |
| 23:21 | Create | Villager (Male) |
| 23:30 | Build | Farm |
| 23:51 | Create | Villager (Male) |
| 23:51 | Create | Villager (Male) |
| 24:05 | Build | Farm |
| 24:27 | Build | Farm |
| 24:41 | Create | Villager (Male) |
| 24:42 | Create | Villager (Male) |
| 24:42 | Create | Villager (Male) |
| 24:42 | Create | Villager (Male) |
| 24:43 | Create | Villager (Male) |
| 24:43 | Create | Villager (Male) |
| 24:53 | Create | Villager (Male) |
| 24:54 | Create | Villager (Male) |
| 24:54 | Create | Villager (Male) |
| 25:09 | Build | House |
| 25:10 | Build | House |
| 25:12 | Build | House |
| 25:13 | Build | House |
| 25:15 | Build | House |
| 25:20 | Build | House |
| 25:24 | Build | House |
| 25:25 | Build | House |
| 25:28 | Build | House |
| 25:30 | Build | House |
| 25:57 | Research | Bow Saw |
| 26:00 | Research | Horse Collar |
| 26:16 | Build | Farm |
| 26:16 | Build | Farm |
| 26:17 | Build | Farm |
| 26:17 | Build | Farm |
| 26:42 | Build | Farm |
| 26:45 | Build | Farm |
| 27:21 | Build | Farm |
| 27:27 | Create | Villager (Male) |
| 27:27 | Create | Villager (Male) |
| 27:28 | Create | Villager (Male) |
| 27:33 | Create | Villager (Male) |
| 27:34 | Create | Villager (Male) |
| 27:34 | Create | Villager (Male) |
| 27:34 | Create | Villager (Male) |
| 27:35 | Create | Villager (Male) |
| 27:35 | Create | Villager (Male) |
| 27:35 | Create | Villager (Male) |
| 27:50 | Build | Farm |
| 28:05 | Build | Mining Camp |
| 28:13 | Build | Farm |
| 28:19 | Create | Villager (Male) |
| 28:20 | Create | Villager (Male) |
| 28:20 | Create | Villager (Male) |
| 28:21 | Create | Villager (Male) |
Build order — NHQ
First 150 of 549 actions detected
| 0:33 | Create | Villager (Male) |
| 0:33 | Create | Villager (Male) |
| 0:33 | Create | Villager (Male) |
| 0:35 | Create | Villager (Male) ×5 |
| 0:35 | Create | Villager (Male) ×5 |
| 0:35 | Create | Villager (Male) |
| 1:04 | Build | Lumber Camp |
| 1:06 | Build | Mill |
| 1:33 | Build | Mining Camp |
| 1:44 | Research | Feudal Age |
| 1:44 | Research | Feudal Age |
| 3:30 | Create | Villager (Male) |
| 3:30 | Create | Villager (Male) |
| 3:43 | Create | Villager (Male) |
| 3:58 | Age | Feudal Age |
| 3:59 | Build | Market |
| 4:03 | Build | Blacksmith |
| 5:21 | Research | Castle Age |
| 5:22 | Research | Castle Age |
| 5:22 | Research | Castle Age |
| 7:04 | Create | Villager (Male) |
| 7:57 | Create | Villager (Male) |
| 8:01 | Age | Castle Age |
| 8:04 | Build | Town Center |
| 8:53 | Create | Villager (Male) |
| 8:53 | Create | Villager (Male) |
| 9:22 | Create | Villager (Male) |
| 9:24 | Create | Villager (Male) |
| 9:25 | Create | Villager (Male) |
| 9:32 | Research | Double-Bit Axe |
| 9:33 | Research | Horse Collar |
| 9:43 | Research | Horse Collar |
| 9:43 | Research | Horse Collar |
| 9:54 | Research | Double-Bit Axe |
| 9:54 | Research | Double-Bit Axe |
| 10:14 | Research | Loom |
| 10:14 | Research | Loom |
| 10:18 | Create | Villager (Male) |
| 10:23 | Build | Farm |
| 10:25 | Build | Farm |
| 10:33 | Create | Villager (Male) |
| 10:33 | Create | Villager (Male) |
| 10:33 | Create | Villager (Male) |
| 10:40 | Create | Villager (Male) |
| 10:40 | Create | Villager (Male) |
| 10:40 | Create | Villager (Male) |
| 10:43 | Build | Farm |
| 10:51 | Build | Farm |
| 10:54 | Build | Farm |
| 10:58 | Build | Farm |
| 11:04 | Create | Villager (Male) |
| 11:04 | Create | Villager (Male) |
| 11:05 | Create | Villager (Male) |
| 11:41 | Build | Farm |
| 11:42 | Create | Villager (Male) |
| 11:43 | Create | Villager (Male) |
| 11:43 | Create | Villager (Male) |
| 11:43 | Create | Villager (Male) |
| 11:58 | Create | Villager (Male) |
| 11:59 | Create | Villager (Male) |
| 11:59 | Create | Villager (Male) |
| 11:59 | Create | Villager (Male) |
| 12:19 | Build | Farm |
| 12:26 | Build | Farm |
| 12:29 | Create | Villager (Male) |
| 12:43 | Build | Farm |
| 12:52 | Create | Villager (Male) |
| 12:52 | Create | Villager (Male) |
| 13:15 | Create | Villager (Male) |
| 13:15 | Create | Villager (Male) |
| 13:15 | Create | Villager (Male) |
| 13:20 | Build | Farm |
| 13:21 | Build | Farm |
| 13:30 | Create | Villager (Male) |
| 13:45 | Create | Villager (Male) |
| 13:45 | Create | Villager (Male) |
| 14:06 | Build | Town Center |
| 14:25 | Create | Villager (Male) |
| 14:26 | Create | Villager (Male) |
| 14:30 | Research | Bow Saw |
| 14:37 | Build | Farm |
| 15:16 | Create | Villager (Male) |
| 15:16 | Create | Villager (Male) |
| 15:16 | Create | Villager (Male) |
| 15:22 | Create | Villager (Male) |
| 15:30 | Create | Villager (Male) |
| 15:31 | Create | Villager (Male) |
| 15:34 | Build | Town Center |
| 15:39 | Build | Farm |
| 15:41 | Create | Villager (Male) |
| 15:42 | Create | Villager (Male) |
| 15:56 | Create | Villager (Male) |
| 15:57 | Create | Villager (Male) |
| 16:00 | Build | Farm |
| 16:03 | Build | Farm |
| 16:12 | Create | Villager (Male) |
| 16:20 | Create | Villager (Male) |
| 16:37 | Create | Villager (Male) |
| 16:38 | Create | Villager (Male) |
| 16:50 | Build | Farm |
| 16:51 | Build | Farm |
| 16:53 | Build | Farm |
| 16:55 | Build | Farm |
| 17:03 | Create | Villager (Male) |
| 17:04 | Create | Villager (Male) |
| 17:07 | Build | Farm |
| 17:08 | Build | Farm |
| 17:13 | Build | Farm |
| 17:14 | Build | Farm |
| 17:20 | Create | Villager (Male) |
| 17:20 | Create | Villager (Male) |
| 17:22 | Build | Farm |
| 17:25 | Build | Farm |
| 17:29 | Build | Farm |
| 17:33 | Build | Farm |
| 17:34 | Build | Farm |
| 17:37 | Create | Villager (Male) |
| 17:38 | Create | Villager (Male) |
| 17:38 | Create | Villager (Male) |
| 17:38 | Create | Villager (Male) |
| 17:48 | Create | Villager (Male) |
| 17:51 | Create | Villager (Male) |
| 17:53 | Build | Farm |
| 18:01 | Create | Villager (Male) |
| 18:02 | Create | Villager (Male) |
| 18:02 | Create | Villager (Male) |
| 18:18 | Research | Heavy Plow |
| 18:26 | Build | Farm |
| 18:27 | Build | Farm |
| 18:33 | Build | Farm |
| 18:34 | Build | Farm |
| 18:43 | Create | Villager (Male) |
| 18:46 | Create | Villager (Male) |
| 18:46 | Create | Villager (Male) |
| 18:46 | Create | Villager (Male) |
| 18:46 | Create | Villager (Male) |
| 18:47 | Create | Villager (Male) |
| 18:52 | Create | Villager (Male) |
| 18:53 | Create | Villager (Male) |
| 18:57 | Create | Villager (Male) |
| 18:57 | Create | Villager (Male) |
| 18:57 | Create | Villager (Male) |
| 19:06 | Build | Town Center |
| 19:09 | Create | Villager (Male) |
| 19:10 | Create | Villager (Male) |
| 19:10 | Research | Loom |
| 19:10 | Research | Loom |
| 19:11 | Research | Loom |
| 19:13 | Create | Villager (Male) |
| 19:13 | Create | Villager (Male) |
Build order — Ryan Viegas
First 150 of 292 actions detected
| 0:08 | Build | House |
| 0:10 | Build | House |
| 0:12 | Create | Villager (Male) |
| 0:16 | Research | Loom |
| 0:49 | Create | Villager (Male) |
| 0:50 | Create | Villager (Male) |
| 0:50 | Create | Villager (Male) |
| 0:50 | Create | Villager (Male) |
| 0:50 | Create | Villager (Male) |
| 0:51 | Create | Villager (Male) |
| 0:51 | Create | Villager (Male) |
| 0:52 | Create | Villager (Male) |
| 0:52 | Create | Villager (Male) |
| 2:00 | Build | Mill |
| 2:28 | Build | Lumber Camp |
| 2:46 | Create | Villager (Male) |
| 3:08 | Research | Feudal Age |
| 4:27 | Build | Palisade Wall |
| 4:34 | Build | Palisade Gate |
| 5:10 | Create | Villager (Male) |
| 5:10 | Create | Villager (Male) |
| 5:21 | Age | Feudal Age |
| 5:26 | Research | Horse Collar |
| 5:27 | Research | Double-Bit Axe |
| 6:14 | Create | Villager (Male) |
| 6:16 | Create | Villager (Male) |
| 6:44 | Create | Villager (Male) |
| 6:48 | Build | House |
| 6:51 | Build | House |
| 7:17 | Build | Stone Wall |
| 7:33 | Build | Gate |
| 7:40 | Build | Stone Wall |
| 7:47 | Build | Mining Camp |
| 7:49 | Create | Villager (Male) |
| 7:50 | Create | Villager (Male) |
| 8:27 | Build | Market |
| 8:30 | Create | Villager (Male) |
| 8:32 | Research | Gold Mining |
| 8:33 | Research | Stone Mining |
| 8:43 | Create | Villager (Male) |
| 9:20 | Create | Villager (Male) |
| 9:43 | Build | House |
| 9:45 | Build | House |
| 9:46 | Build | House |
| 9:48 | Build | House |
| 9:49 | Build | House |
| 9:51 | Build | House |
| 9:57 | Build | Blacksmith |
| 10:12 | Create | Villager (Male) |
| 10:13 | Create | Villager (Male) |
| 10:46 | Build | Mining Camp |
| 11:01 | Create | Villager (Male) |
| 11:27 | Create | Villager (Male) |
| 11:48 | Create | Villager (Male) |
| 12:18 | Create | Villager (Male) |
| 12:21 | Create | Villager (Male) |
| 13:10 | Create | Villager (Male) |
| 13:34 | Create | Villager (Male) |
| 13:40 | Create | Villager (Male) |
| 14:11 | Build | Lumber Camp |
| 14:27 | Create | Villager (Male) |
| 14:41 | Create | Villager (Male) |
| 15:43 | Create | Villager (Male) |
| 15:48 | Create | Villager (Male) |
| 16:13 | Build | Farm |
| 16:18 | Create | Villager (Male) |
| 16:41 | Build | Farm |
| 16:50 | Build | Lumber Camp |
| 16:57 | Create | Villager (Male) |
| 17:03 | Build | Farm |
| 17:08 | Create | Villager (Male) |
| 17:22 | Build | Farm |
| 17:27 | Build | Farm |
| 17:32 | Build | Farm |
| 17:43 | Build | Farm |
| 17:44 | Build | Farm |
| 17:46 | Build | Farm |
| 17:48 | Build | Farm |
| 17:49 | Build | Farm |
| 17:53 | Research | Castle Age |
| 18:28 | Build | Lumber Camp |
| 18:48 | Build | Barracks |
| 19:01 | Build | House |
| 19:03 | Build | House |
| 19:04 | Build | House |
| 19:06 | Build | House |
| 19:10 | Build | House |
| 19:11 | Build | House |
| 19:24 | Create | Trade Cart |
| 20:27 | Create | Trade Cart |
| 20:33 | Age | Castle Age |
| 20:42 | Build | Town Center |
| 20:46 | Create | Villager (Male) |
| 20:46 | Create | Villager (Male) |
| 20:47 | Create | Villager (Male) |
| 20:51 | Research | Bow Saw |
| 20:52 | Research | Heavy Plow |
| 20:57 | Build | Farm |
| 20:58 | Build | Farm |
| 21:00 | Build | Farm |
| 21:03 | Build | Farm |
| 21:20 | Build | Farm |
| 21:24 | Research | Stone Shaft Mining |
| 21:31 | Create | Villager (Male) |
| 21:34 | Research | Caravan |
| 21:35 | Create | Trade Cart |
| 21:43 | Build | University |
| 21:54 | Create | Villager (Male) |
| 21:55 | Create | Villager (Male) |
| 21:55 | Create | Villager (Male) |
| 22:12 | Create | Villager (Male) |
| 22:28 | Build | Town Center |
| 22:30 | Create | Villager (Male) |
| 22:35 | Create | Villager (Male) |
| 22:35 | Create | Villager (Male) |
| 22:50 | Build | Castle |
| 22:56 | Create | Villager (Male) |
| 22:59 | Create | Villager (Male) |
| 23:03 | Create | Trade Cart |
| 23:04 | Create | Trade Cart |
| 23:25 | Create | Villager (Male) |
| 23:26 | Create | Villager (Male) |
| 23:28 | Create | Villager (Male) |
| 23:42 | Research | Wheelbarrow |
| 23:46 | Research | Treadmill Crane |
| 23:50 | Research | Town Watch |
| 24:19 | Create | Villager (Male) |
| 24:20 | Create | Villager (Male) |
| 24:56 | Build | Town Center |
| 25:06 | Create | Villager (Male) |
| 25:09 | Create | Villager (Male) |
| 25:10 | Create | Villager (Male) |
| 25:10 | Create | Villager (Male) |
| 25:19 | Create | Villager (Male) |
| 25:20 | Create | Villager (Male) |
| 25:45 | Create | Villager (Male) |
| 25:46 | Create | Villager (Male) |
| 25:46 | Create | Villager (Male) |
| 25:51 | Create | Villager (Male) |
| 25:51 | Create | Villager (Male) |
| 25:58 | Build | Farm |
| 26:01 | Create | Villager (Male) |
| 26:09 | Create | Villager (Male) |
| 26:09 | Create | Villager (Male) |
| 26:23 | Create | Villager (Male) |
| 26:27 | Build | Farm |
| 26:37 | Create | Villager (Male) |
| 26:42 | Create | Villager (Male) |
| 26:42 | Create | Villager (Male) |
| 26:47 | Create | Villager (Male) |
Build order — GUIBAUMG
16 actions detected in the replay
| 0:04 | Create | Villager (Male) |
| 0:04 | Create | Villager (Male) |
| 0:04 | Create | Villager (Male) |
| 0:07 | Build | House |
| 0:10 | Build | House |
| 1:01 | Create | Villager (Male) |
| 1:01 | Create | Villager (Male) |
| 1:02 | Create | Villager (Male) |
| 1:14 | Build | Mill |
| 1:21 | Create | Villager (Male) |
| 1:49 | Create | Villager (Male) |
| 1:51 | Create | Villager (Male) |
| 2:37 | Build | Lumber Camp |
| 3:17 | Create | Villager (Male) |
| 3:59 | Create | Villager (Male) |
| 4:01 | Create | Villager (Male) |
Match timeline
| 3:53 | guvenconur.kande · age_up feudal |
| 3:58 | NHQ · age_up feudal |
| 4:27 | Ryan Viegas · wall_segment Palisade Wall x13 |
| 4:29 | guvenconur.kande · first_building Barracks |
| 4:30 | GUIBAUMG · resign |
| 5:11 | NHQ · first_market_buy 100 food |
| 5:21 | Ryan Viegas · age_up feudal |
| 5:30 | guvenconur.kande · wall_segment Stone Wall x9 |
| 5:40 | guvenconur.kande · wall_segment Stone Wall x8 |
| 6:24 | guvenconur.kande · first_building Archery Range |
| 6:44 | NHQ · first_market_sell 100 stone |
| 6:49 | MUAges · wall_segment Palisade Wall x9 |
| 6:52 | MUAges · wall_segment Palisade Wall x8 |
| 6:57 | LetCarton233702 · age_up feudal |
| 7:17 | Ryan Viegas · wall_segment Stone Wall x11 |
| 7:40 | Ryan Viegas · wall_segment Stone Wall x2 |
| 7:43 | Sir Davidcus · age_up feudal |
| 8:01 | NHQ · age_up castle |
| 8:07 | MUAges · age_up feudal |
| 10:42 | LetCarton233702 · first_building Barracks |
| 11:26 | iMaGiC · first_building Barracks |
| 12:37 | MUAges · age_up castle |
| 12:39 | LetCarton233702 · age_up castle |
| 13:19 | LetCarton233702 · first_building Stable |
| 13:38 | Sir Davidcus · age_up castle |
| 14:28 | guvenconur.kande · age_up castle |
| 18:48 | Ryan Viegas · first_building Barracks |
| 18:49 | Sir Davidcus · wall_segment Stone Wall x19 |
| 19:03 | MUAges · first_building Siege Workshop |
| 19:24 | iMaGiC · age_up feudal |
| 19:26 | guvenconur.kande · first_building Castle |
| 20:33 | Ryan Viegas · age_up castle |
| 21:59 | MUAges · wall_segment Stone Wall x16 |
| 22:50 | Ryan Viegas · first_building Castle |
| 23:21 | NHQ · first_building Castle |
| 25:37 | guvenconur.kande · wall_segment Stone Wall x14 |
| 25:40 | guvenconur.kande · wall_segment Stone Wall x3 |
| 25:50 | guvenconur.kande · wall_segment Stone Wall x5 |
| 26:07 | NHQ · first_building Barracks |
| 26:17 | Sir Davidcus · first_building Monastery |
| 26:28 | MUAges · first_building Monastery |
| 27:02 | NHQ · first_building Stable |
| 28:12 | MUAges · first_building Barracks |
| 28:19 | MUAges · age_up imperial |
| 29:03 | NHQ · age_up imperial |
| 29:15 | Sir Davidcus · first_building Castle |
| 30:30 | Sir Davidcus · first_building Siege Workshop |
| 30:41 | Sir Davidcus · first_building Barracks |
| 31:14 | Ryan Viegas · first_building Monastery |
| 31:28 | MUAges · first_building Castle |
| 31:45 | LetCarton233702 · first_building Castle |
| 35:43 | Ryan Viegas · age_up imperial |
| 36:42 | Sir Davidcus · age_up imperial |
[ AI ANALYSIS · 1 CREDIT ]
What really happened in this match?
Wolo.gg analyzes every decision: build order, eco, micro, common mistakes by bracket. Personalized analysis on WhatsApp or Discord in 30 seconds.
Civ guide
Romans
Map guide
Amazon Tunnel
Perfil
Jugador #417075